[Event "FIDE Women's Chess World Championship"]
[Site "Chiva Chongqing"]
[Date "2023.07.15"]
[Round "7"]
[White "Lei, Tingjie"]
[Black "Ju, Wenjun"]
[Result "1/2-1/2"]
[WhiteElo "2554"]
[BlackElo "2564"]
[ECO "B19"]
[EventDate "2023.??.??"]
[Annotator "rafael"]
[PlyCount "129"]
[Beauty "4882593484316"]
[EventCountry "ESP"]
[TimeControl "40/5400+30:1800+30"]

1.e4 c6 {Due to the match situation, I expected this pawn moving one square more forward.} 2.d4 d5 3.Nd2 dxe4 4.Nxe4 Bf5 {The good old Caro-Kann main line.} ( 4...Nf6 {is very popular nowadays. After the knight exchange, Black captures with the e-pawn.} ) 5.Ng3 Bg6 6.h4 h6 7.Nf3 e6 {The same move Carlsen chose in his first world championship match against Anand in 2013.} 8.Ne5 Bh7 9.Bd3 Bxd3 10.Qxd3 Nd7 11.Qe2 ( 11.f4 {was Anand's choice.} 11...Bb4+ ( 11...Be7 ) 12.c3 Be7 13.Bd2 Ngf6 14.O-O-O O-O {Anand-Carlsen, World-ch (2) Chennai 2013. Here White's best move to fight for an advantage is} 15.Qf3 $1 ) 11...Ngf6 12.O-O {As far as I know, this move has been tried just once before, in a correspondence game. Usually White doesn't castle short after playing h2-h4, but the current game shows this plan is also interesting.} ( 12.Bd2 {is almost universally played.} ) 12...Be7 13.Rd1 O-O 14.c4 Qa5 {A new move. I'm not sure this is a good square for the queen. This is a critical moment: White must decide on a plan of action, and there are several promising continuations.} ( 14...Qb6 {I think this is better.} 15.Nxd7 Nxd7 16.d5 cxd5 17.cxd5 Rad8 ( 17...Bc5 {is interesting.} ) 18.Be3 Bc5 19.dxe6 fxe6 ( 19...Qxe6 $2 20.Rxd7 $1 {[%c_effect d7;square;d7;type;GreatFind;persistent;true] wins material.} ) 20.Bxc5 Nxc5 21.Rac1 a5 {Black managed to hold in Conte Poderoso-Homont, ICCF email 2019.} ) 15.Bf4 ( 15.Nxd7 Nxd7 16.d5 {This is a direct way of fighting for the initiative, the same idea that was played in the correspondence game.} 16...cxd5 17.cxd5 {This position is dangerous for Black.} 17...Rae8 $1 ( 17...Bxh4 $2 {[%c_effect h4;square;h4;type;Mistake;persistent;true] First, I thought that Black should play this move, but the computer refutes my idea.} 18.dxe6 Nb6 ( 18...Nf6 $2 19.e7 Rfe8 20.b4 $1 Qxb4 21.Nf5 {wins for White.} ) 19.Bd2 $1 Qa6 20.Qxa6 bxa6 21.Bb4 $1 Rfd8 22.Nf5 {with a winning initiative for White.} ) 18.dxe6 Nf6 {Not an easy way to play, to say the least. White can still fight for the advantage, but this is Black's best chance.} ) ( 15.Bd2 {A very natural move.} 15...Qc7 16.Bc3 ( 16.Bf4 {is also possible:} 16...Bd6 17.Rd3 ) 16...a5 $5 {[%c_effect a5;square;a5;type;Interesting;persistent;true] with the idea of playing ...Bb4. White remains slightly better.} ) 15...Rad8 16.Rd3 ( 16.a3 $5 {[%c_effect a3;square;a3;type;Interesting;persistent;true] is a useful move to either play b2-b4 or be able to move the rook without losing the a-pawn. A possible continuation is:} 16...Qa6 17.Rac1 c5 $1 18.Nxd7 Rxd7 19.dxc5 Rfd8 $1 ( 19...Bxc5 20.Be5 Rxd1+ 21.Rxd1 Be7 22.Bxf6 Bxf6 23.Nh5 {with a clear advantage for White.} ) 20.Rxd7 Nxd7 21.Bd6 ( 21.b4 {is not so good due to} 21...Qxa3 ) 21...Bxd6 22.cxd6 Qxd6 23.Rd1 {with a better endgame for White.} ) 16...Nxe5 $1 17.dxe5 ( 17.Bxe5 Nd7 {with a good position for Black.} ) 17...Nh7 ( 17...Rxd3 {This is also possible due to some computer tactics:} 18.exf6 ( 18.Qxd3 Nh7 ( 18...Rd8 $2 {[%c_effect d8;square;d8;type;Mistake;persistent;true] is elegantly refuted by} 19.exf6 $1 Rxd3 20.fxe7 {and the pawn is unstoppable.} ) ) 18...Bd6 $1 {[%c_effect d6;square;d6;type;GreatFind;persistent;true] This saves Black from losing material.} 19.Qxd3 Bxf4 {with a roughly equal game.} ) 18.Ne4 $5 {[%c_effect e4;square;e4;type;Interesting;persistent;true] This pawn sacrifice was played after long thought. I like this decision.} ( 18.h5 {It's also possible to defend the pawn, although it slows down White's initiative.} 18...Rxd3 19.Qxd3 Rd8 {and now it's not clear which square is best for the queen. The game is, in any case, balanced.} ) 18...Rxd3 19.Qxd3 Bxh4 20.Nd6 {The d6-knight gives good compensation for the sacrificed pawn, but not enough for an advantage.} 20...Qb6 21.Qe2 ( 21.Qc2 {is more useful, since the queen can support the c4-c5 advance.} ) 21...Rd8 $6 {[%c_effect d8;square;d8;type;Inaccuracy;persistent;true] This move leaves the bishop in a dangerous situation.} ( 21...Be7 $1 {[%c_effect e7;square;e7;type;GreatFind;persistent;true] It's better to come back immediately. Black is fighting for the advantage after} 22.Rd1 Rd8 ) 22.Be3 $1 Qc7 ( 22...c5 $2 23.Qh5 {attacks both the bishop and the f7-pawn.} ) 23.Qh5 $1 Bg5 24.f4 g6 {The only defense.} 25.Qf3 {It's hard to say where the queen should go.} ( 25.Qh3 {is also tempting.} 25...Be7 26.c5 Bf8 ( 26...h5 {is possible, although this gives White the chance to open the kingside position later with g2-g4.} ) 27.b4 {with a strong initiative.} ) 25...Be7 26.c5 {White has improved her position and has the initiative.} 26...b6 $1 {[%c_effect b6;square;b6;type;GreatFind;persistent;true] It's necessary to look for active play.} 27.b4 bxc5 28.bxc5 Rb8 29.g4 $2 {[%c_effect g4;square;g4;type;Mistake;persistent;true] A careless move. It's better to develop the a1-rook before going for the f5-break.} ( 29.Rf1 Rb2 ( 29...Qa5 $2 30.Qxc6 ) 30.Qg3 {with the idea of playing f4-f5 next. The computer still defends Black's position with some incredible moves, but that would be a hard task during the game.} ) 29...Qa5 $1 30.Rf1 ( 30.Qxc6 $2 Qc3 {wins a piece.} ) 30...Qc3 31.Ne4 $6 ( 31.Rf2 {is better, protecting the second rank and leaving the knight on its imposing square.} ) 31...Qd3 32.Kg2 Rb2+ 33.Bf2 Qd5 $1 {[%c_effect d5;square;d5;type;GreatFind;persistent;true] The situation has become critical for White.} 34.Rd1 Qxa2 35.f5 exf5 36.gxf5 gxf5 ( 36...Ng5 $1 {[%c_effect g5;square;g5;type;GreatFind;persistent;true] leads to a win:} 37.Nxg5 Bxg5 {Threatening 38...Bh4.} 38.Kg1 ( 38.fxg6 Bh4 ) 38...gxf5 39.Qxf5 {White has no attacking plan, and Black can start pushing the a-pawn.} 39...a5 ( 39...Re2 {is the computer's favorite move.} ) ) 37.Qxf5 Qe6 $2 {[%c_effect e6;square;e6;type;Mistake;persistent;true] A solid decision to exchange queens during time trouble, but this lets the advantage slip away.} ( 37...Nf8 {is stronger.} ) 38.Qxe6 fxe6 39.Rd7 Bh4 40.Kf1 Bxf2 41.Nxf2 {Despite being two pawns down, White has excellent drawing chances. The rook is active, and the c6-pawn can be attacked.} 41...a5 42.Ra7 Rb5 43.Nd3 ( 43.Ne4 $2 {[%c_effect e4;square;e4;type;Mistake;persistent;true] loses to} 43...Ng5 ) 43...Ng5 44.Ra6 Kf7 45.Rxc6 Rb3 ( 45...Ke7 {gives better winning chances, but it's also not enough.} ) 46.Ke2 a4 47.Ra6 a3 48.Nf4 Rc3 49.c6 Ke7 50.Kd2 Rc4 51.Nd3 Kf7 52.Rxa3 Rxc6 53.Nf4 {White's pieces are active, and the draw is inevitable.} 53...Rc4 54.Ra7+ Kf8 55.Nh5 $5 ( 55.Ra8+ Ke7 56.Ra7+ Ke8 57.Ng6 {is also enough for a draw.} ) 55...Nf3+ 56.Ke3 Nxe5 57.Nf4 Rc6 58.Ke4 Nc4 59.Ng6+ Ke8 60.Kd4 Nb6 61.Re7+ Kd8 62.Rh7 Nd7 63.Rxh6 e5+ 64.Nxe5 Rxh6 65.Nf7+ {A very interesting and hard-fought game.} 1/2-1/2

[Event "FIDE Women's Chess World Championship"]
[Site "Chiva Chongqing"]
[Date "2023.07.16"]
[Round "8"]
[White "Ju, Wenjun"]
[Black "Lei, Tingjie"]
[Result "1-0"]
[WhiteElo "2564"]
[BlackElo "2554"]
[ECO "A06"]
[EventDate "2023.??.??"]
[Annotator "rafael"]
[PlyCount "143"]
[Beauty "5775678246920"]
[EventCountry "ESP"]
[TimeControl "40/5400+30:1800+30"]

1.Nf3 d5 2.e3 c5 3.b3 {Ju hadn't managed to pose opening problems with her traditional repertoire up to this point in the match, so she starts experimenting with new lines. In round seven, she tried the Caro-Kann and in this round, instead of going for the main lines of the Queen's Pawn, she decides to aim for a slower setup.} 3...Nc6 ( 3...a6 {is logical, avoiding the pin with Bb5.} ) 4.Bb2 ( 4.Bb5 {leads to a Nimzo-Indian with colors reversed and a tempo more for White.} ) 4...a6 5.g3 {It's a bit strange to play e3 and g3 in the opening, as the main idea of both moves is to free the path of the bishop. We need to understand that White is not interested in achieving an advantage right after the opening in this game. She is aiming at a long positional struggle without forcing variations.} ( 5.d4 {This position has been played many times by Nakamura in blitz games.} ) 5...Qc7 {This move looks a bit superficial.} ( 5...Nf6 6.Bg2 Bf5 {is very natural.} ) ( 5...d4 {is the most ambitious move, fighting for space in the center.} ) 6.d4 {I found no games in my database with this position. This is certainly not a common situation after move six of a world championship match.} ( 6.c4 $1 {[%c_effect c4;square;c4;type;GreatFind;persistent;true] is the most unpleasant.} 6...dxc4 7.bxc4 Bf5 $6 ( 7...Nf6 {is better.} ) 8.Nc3 e6 9.Nh4 {with a clear advantage for White in Almasi-Gaponenko, Douglas 2017.} ) 6...cxd4 7.exd4 Bg4 8.Bg2 e6 9.O-O Nf6 10.Nbd2 Bd6 {The bishop seems more comfortable on e7, without having to worry about the advance of c4-c5.} ( 10...Be7 11.c4 O-O ) 11.c4 O-O 12.a3 a5 {Avoiding White's plan with c4-c5 followed by b3-b4.} ( 12...dxc4 {Considering that this move will be played later in the game, maybe it's a better idea to try it immediately. In this structure, Black's pawn is better on a6 than on a5.} 13.bxc4 Rfd8 ) ( 12...Ne4 {is also perfectly playable:} 13.Qe1 f5 14.b4 {with chances for both sides.} ) 13.h3 Bh5 14.Qe2 Rfd8 15.Rac1 dxc4 {One of the most difficult strategic decisions in chess is when to release the central tension.} ( 15...Rac8 {is a good alternative.} ) 16.bxc4 Be7 17.Qe3 Rac8 18.Rfe1 Bg6 {It's time for White to decide on a plan of action. This is usually what happens after all the pieces are developed.} 19.Qb3 {The queen is well placed on this square. The pawn on a5 is not something that Black wants.} ( 19.Nh4 {is a good positional move with a tactical flaw.} 19...Qb6 $1 {[%c_effect b6;square;b6;type;GreatFind;persistent;true] attacking the bishop on b2 and the pawn on d4.} ) ( 19.d5 {is a very tempting forcing move, but the results are not as satisfactory for White as it seems at first sight.} 19...exd5 20.Bxf6 gxf6 ( 20...Bxf6 $2 {[%c_effect f6;square;f6;type;Mistake;persistent;true] loses due to the good old back-rank mate.} 21.cxd5 Rxd5 22.Qe8+ Rxe8 23.Rxe8# ) 21.cxd5 Rxd5 22.Rxc6 bxc6 23.Qxe7 Qxe7 24.Rxe7 Rd3 25.Nc4 Rc3 26.Nxa5 Rxa3 27.Nc4 Ra1+ {with a likely draw.} ) 19...Qb8 20.c5 $1 {[%c_effect c5;square;c5;type;GreatFind;persistent;true] A good moment to advance the pawn. The knight is going to c4. Black must react quickly.} 20...Nd5 21.Nc4 a4 $1 {[%c_effect a4;square;a4;type;GreatFind;persistent;true] An excellent move. Black cannot stand still, for example:} ( 21...Qa7 22.Nfe5 Nxe5 23.Rxe5 Bf6 24.Rxd5 $1 exd5 25.Nb6 {with an overwhelming advantage.} ) 22.Qxa4 ( 22.Qb5 {It's interesting to refuse the sacrifice in order to keep pieces on the board, but Black has a strong reply.} 22...Bd3 $1 {[%c_effect d3;square;d3;type;GreatFind;persistent;true] White cannot avoid taking on a4 for long.} 23.Qxa4 b5 $1 24.cxb6 Nxb6 25.Nxb6 Qxb6 {with good compensation.} ) 22...b5 $1 {[%c_effect b5;square;b5;type;GreatFind;persistent;true] This is Lei's idea.} 23.cxb6 Nxb6 24.Nxb6 Qxb6 {At the cost of a pawn, Black's pieces are finally free. This is textbook defensive technique.} 25.Ba1 ( 25.d5 {is possible:} 25...Qxb2 ( 25...exd5 $2 26.Rxc6 Rxc6 27.Rxe7 ) 26.dxc6 Qxa3 {White has some pressure due to the c-pawn, but not enough to create serious winning chances.} ) 25...Qa5 {Forcing the queen exchange and leading the game to a drawish endgame.} 26.Qxa5 Nxa5 27.Rxc8 Rxc8 28.d5 {The only winning chance.} 28...Nb3 $6 {[%c_effect b3;square;b3;type;Inaccuracy;persistent;true] 28...Bxa3 is much simpler.} ( 28...Bxa3 29.dxe6 fxe6 30.Rxe6 Rc1+ 31.Re1 Rxe1+ 32.Nxe1 {Black is a pawn down, but with reduced material and pawns all on the same flank, it's not difficult to defend.} ) 29.dxe6 fxe6 $6 ( 29...Nxa1 {is better, although life is not so simple anymore.} 30.exf7+ Kf8 $1 ( 30...Bxf7 $2 31.Rxe7 ) ( 30...Kxf7 $2 31.Ne5+ ) 31.Rxa1 Bf6 32.Re1 Bxf7 33.Ne5 Be8 {The pair of bishops grants excellent drawing chance; the computer evaluates the position as equal. Let's not forget, however, that White is two pawns up for the moment.} ) 30.Be5 $1 {[%c_effect e5;square;e5;type;GreatFind;persistent;true] An accurate reply.} 30...Bxa3 $2 ( 30...Nc5 {is better.} ) 31.Re3 $1 Bc2 ( 31...Rc1+ 32.Kh2 Rb1 33.Rc3 $1 {[%c_effect c3;square;c3;type;GreatFind;persistent;true] The rook is activated, and White wins.} ) 32.Nd4 $2 ( 32.Ne1 $1 {[%c_effect e1;square;e1;type;GreatFind;persistent;true] The computer indicates a beautiful win after this move.} 32...Bd1 ( 32...Bc1 33.Nxc2 Bxe3 34.Nxe3 {with a technically winning endgame.} ) 33.Rd3 Rc1 34.Rd8+ Kf7 35.Nd3 Rb1 36.Kh2 {Even though material is equal, Black's pieces are uncoordinated, and her king as well as the pawns are subject to a powerful attack by White's remaining pieces. There's no way to defend, for instance:} 36...Nd2 37.Bc7 Nc4 38.Rd7+ Kg8 39.Nf4 Ba4 40.Rd4 Bb5 41.Nxe6 ) 32...Nxd4 33.Rxa3 ( 33.Bxd4 Bf8 34.Rxe6 Bb3 {with an easy technical defense.} ) 33...Nc6 {This loses a pawn, although the remaining position is drawn with accurate play.} ( 33...Nf5 {is a good alternative that should also draw with precise play.} 34.g4 Nh6 ) 34.Bxc6 Rxc6 35.Ra8+ Kf7 36.Ra7+ Ke8 37.Rxg7 {The endgame is objectively drawn, although Black needs to be able to defend with precise moves for a long time. The added pressure on the clock and on the match will show on the next moves. Ju will quickly gain a decisive advantage.} 37...Kf8 $6 ( 37...h5 $1 {[%c_effect h5;square;h5;type;GreatFind;persistent;true] is better, since White cannot avoid a pawn exchange.} 38.g4 ( 38.Rg5 Be4 ) 38...hxg4 39.hxg4 Kf8 ) 38.g4 Rc5 39.Bf6 Be4 $6 ( 39...h5 $1 {[%c_effect h5;square;h5;type;GreatFind;persistent;true] is better again.} ) 40.Kh2 Rb5 41.Re7 {Black is in a difficult situation now. The path to the draw has become much narrower.} 41...Rb6 $6 ( 41...Rb2 $1 42.Kg3 ( 42.Bxb2 Kxe7 ) 42...Rb3+ 43.Kf4 Bg2 44.h4 h6 $1 {[%c_effect h6;square;h6;type;GreatFind;persistent;true] This is an incredible computer defense. To human eyes, Black's moves are barely understandable, and it seems that White is winning, but this is an illusion.} 45.Rc7 ( 45.Rxe6 Rf3+ 46.Ke5 Bh3 ) 45...Rf3+ 46.Ke5 Bh3 47.Bg7+ Ke8 48.Rc4 h5 {Let's be honest: it's impossible to find all those defensive moves. It's still not clear to me why this should be a draw, but the computer is pretty confident in this evaluation.} ) 42.h4 ( 42.Rc7 ) ( 42.f3 $5 Bxf3 43.Rxh7 {This should be a draw with best play, but it's definitely not easy.} ) 42...Rb3 $2 ( 42...Rb2 $1 {[%c_effect b2;square;b2;type;GreatFind;persistent;true] Again this computer resource is the best.} 43.Kg3 Rb3+ 44.Kf4 Rb4 $1 45.Ke5 ( 45.Kg5 Bf3 ) 45...Bd5 ) 43.Rxe6 Bf3 44.g5 {With two pawns up, the endgame should be winning. To demonstrate this, however, is not a trivial task; opposite-colored bishops always offer drawing chances.} 44...Bg4 45.Re7 Bf5 46.Kg2 Bh3+ 47.Kg1 Bf5 48.h5 Rh3 49.h6 Rd3 50.Kh2 Rh3+ 51.Kg2 Rd3 52.f3 Rd7 53.Re5 Bc2 54.f4 {Ju is playing very well. She advances all her pawns and now must find a way to break Black's light-square resistance. Without rooks, the endgame is completely drawn, but as it is, White has the chance to give up the rook for the bishop and try to advance the pawns.} 54...Rd5 55.Re7 ( 55.Rxd5 $4 Be4+ ) 55...Bf5 56.Kf2 $2 {[%c_effect f2;square;f2;type;Mistake;persistent;true] This allows a surprising tactical resource that saves the game.} ( 56.Ra7 ) 56...Rd2+ 57.Ke3 Rd6 $2 ( 57...Rd3+ 58.Ke2 Rd4 $3 {[%c_effect d4;square;d4;type;Brilliant;persistent;true] This idea was missed by both players. White must either exchange rooks or give up the f4-pawn, with a draw in both cases.} 59.Ra7 ( 59.Bxd4 Kxe7 ) 59...Rxf4 ) 58.Rc7 Rd3+ 59.Ke2 Rd5 60.Bc3 Ke8 61.Kf2 Kf8 62.Bb4+ Ke8 63.Re7+ Kd8 64.Rf7 $1 {[%c_effect f7;square;f7;type;GreatFind;persistent;true] This is it. White wants to sacrifice the rook for the bishop.} 64...Ke8 65.Rf8+ Kd7 66.Bc3 Bg6 ( 66...Ke7 67.Rf6 ( 67.Rxf5 $2 {[%c_effect f5;square;f5;type;Mistake;persistent;true] This doesn't work yet.} 67...Rxf5 68.g6 Rxf4+ 69.Kg3 Rc4 $1 ) ) 67.Rg8 Rd6 68.Be5 Rd2+ ( 68...Rc6 69.Rg7+ Ke8 70.Bf6 Bf5 71.Re7+ Kf8 72.Re5 Bb1 73.Ra5 {The pawn will advance to f5, and the king is also joining the forces.} ) 69.Kf3 Rd3+ 70.Kg4 Rd1 71.Rxg6 hxg6 72.h7 1-0